 Dungeon Crawl Stone Soup version 0.31.0-4-g52a2dc7128 (webtiles) character file.

Game seed: 3757941548801579772

9 Goblin1989 the Sneak (level 2, 0/24 HPs)
             Began as a Demonspawn Delver on Jan 21, 2024.
             Slain by an ice beast (13 damage)
             ... on level 5 of the Dungeon.
             The game lasted 00:00:26 (42 turns).

Goblin1989 the Sneak (Demonspawn Delver)              Turns: 42, Time: 00:00:27

Health: 0/24       AC:  3    Str: 12    XL:     2   Next: 3%
Magic:  2/2        EV: 11    Int: 10    God:
Gold:   0          SH:  0    Dex: 14    Spells: 1/1 levels left

rFire   . . .        a - +0 short sword
rCold   . . .        (no shield)
rNeg    . . .        b - +0 leather armour
rPois   .            (no helmet)
rElec   .            (no cloak)
rCorr   .            (no gloves)
SInv    .            (no boots)
Will    .....        (no amulet)
Stlth   +++          (no ring)
HPRegen 0.24/turn    (no ring)
MPRegen 0.08/turn

%: no passive effects
@: no status effects
A: powered by death 1
a: no special abilities


You were on level 5 of the Dungeon.
You visited 1 branch of the dungeon, and saw 1 of its levels.

Inventory:

Hand Weapons
 a - a +0 short sword (weapon)
Armour
 b - a +0 leather armour (worn)
Wands
 g - a wand of digging (3) {@v3}
Scrolls
 c - a scroll of fog
 d - a scroll of revelation
 e - a scroll of fear
 h - a scroll of torment {unknown}
Potions
 f - a potion of haste {@q3,}


   Skills:
 - Level 3.0 Fighting
 - Level 1.7 Short Blades
 - Level 1.7 Dodging
 + Level 5.0 Stealth


You had one spell level left.
You didn't know any spells.
Your spell library was empty.

Dungeon Overview and Level Annotations

Branches:
Dungeon (5/15) Zot: 5957
 Temple: D:4-7

Altars:

Annotations:
D:5 2 transporters, dvdksn's ghost, amateur HOFi


Innate Abilities, Weirdness & Mutations

You regenerate a little health from kills.


Message History

Bad monster_list_colour key: strict_neutral Options error: Unknown explore stop condition 'gates' (Goblin1989.rc:83) Welcome, Goblin1989 the Demonspawn Delver.
It is said that the Orb of Zot exists deep within this dungeon.
Press ? for a list of commands and other information.
Found an escape hatch in the floor.
Found a stone staircase leading down.
An orc comes into view. It is wielding a +0 falchion.
You open the door.
A scorpion comes into view.
Found a scroll labelled SAUMATSA FEI.
The scorpion moves out of view.
There is an open door here.
Found a pink potion and a mace.
Found 10 gold pieces.
Found two transporters.
Found a metallic coppery potion.
Dvdksn's ghost turns its malevolent gaze towards you.
h - a scroll labelled SAUMATSA FEI An adder comes into view.
Found a war axe.
An ice beast comes into view.
The helpless adder fails to defend itself.
You puncture the adder!
You kill the adder!
Your Stealth skill increases to level 5!
You have reached level 2!
Your demonic ancestry asserts itself...
A wave of death washes over you.
Health restored: 24; MP restored: 2 The helpless ice beast fails to defend itself.
You puncture the ice beast!
The ice beast is heavily wounded.
The ice beast hits you. The ice beast freezes you!
You take 11 damage, and have 13/24 hp.
MASSIVE DAMAGE!!
You closely miss the ice beast.
The ice beast is heavily wounded.
The ice beast misses you.
You hit the ice beast but do no damage.
The ice beast is heavily wounded.
The ice beast closely misses you.
You hit the ice beast but do no damage.
The ice beast is heavily wounded.
The ice beast hits you. The ice beast freezes you!
Ouch! That really hurt!
You die...

█..██...██.██
█..████.█...█
██ █..█
█.∆.8.██
█.██..█
███....█
██..█.██
██...██ .
█...█.█
█....█..
█...█.█
██......
█..Y█.██████
█.>.8.>
█).@......█
█......
███.█████.█
█....█.. █.█
█...███. █.█
....█ . █.█
▲.8.██ █.█
█...█ █.█
██.█ ..█


You could see an ice beast.

Vanquished Creatures
  An adder (D:5)
1 creature vanquished.

Notes
Turn   | Place    | Note
-------+----------+-------------------------------------------
     0 | D:5      | Goblin1989 the Demonspawn Delver began the quest for the
                  | Orb.
     0 | D:5      | Reached XP level 1. HP: 18/18 MP: 1/1
     5 | D:5      | Noticed a scorpion
    10 | D:5      | Noticed dvdksn's ghost (amateur HOFi)
    10 | D:5      | Identified the +6 great mace of the Reaper {elec, rF++
                  | rCorr}
    10 | D:5      | Noticed an ogre
    11 | D:5      | Found a transporter.
    11 | D:5      | Found a transporter.
    12 | D:5      | Noticed an ogre
    14 | D:5      | Noticed an ogre
    37 | D:5      | Noticed an ice beast
    39 | D:5      | Reached skill level 5 in Stealth
    39 | D:5      | Gained mutation: You regenerate a little health from kills.
                  | [demonic ancestry]
    39 | D:5      | Reached XP level 2. HP: 24/24 MP: 2/2
    42 | D:5      | Slain by an ice beast

Illustrated notes

Levels and vault maps discovered:
D:5:      layout_cave_pods, minmay_temple_entry_waves, gammafunk_ghost_smash,
          grunt_ministairs_13, uniq_pikel, uniq_ijyb

Skill      XL: |  1 |
---------------+----+-----
Stealth        | 5 |  5.0
Fighting       | |  3.0
Short Blades   | |  1.7
Dodging        | |  1.7

Action                     || total
---------------------------++-------
  Melee: Short sword       ||     5
   Stab: Sleeping          ||     2
 Armour: Leather armour    ||     2
  Dodge: Dodged            ||     2
